 Dungeon Crawl Stone Soup version 0.28-a0-1002-gf00fe891ef (webtiles) character file.

Game seed: 1707133196748861993

10658 lunkers the Thaumaturge (level 11, -1/86 HPs)
             Began as a Djinni Cinder Acolyte on Dec 6, 2021.
             Was a High Priest of Ignis.
             Killed from afar by an acid dragon (32 damage)
             ... with a splash of acid
             ... on level 11 of the Dungeon.
             The game lasted 00:26:01 (15601 turns).

lunkers the Thaumaturge (Djinni Cinder Acolyte)    Turns: 15601, Time: 00:26:02

Health: -1/86      AC:  4    Str: 19    XL:     11   Next: 97%
Gold:   476        EV:  8    Int: 26    God:    Ignis [*****.] SH:  8 Dex:  8

rFire   + + +      SeeInvis .   q - +1 dagger (elec)
rCold   x . .      Faith    .   j - +0 kite shield
rNeg    . . .      Spirit   .   C - +0 troll leather armour
rPois   ∞          Reflect  .   (no helmet)
rElec   .          Harm     .   (no cloak)
rCorr   .          Rampage  +   D - +3 pair of gloves of Duty {Rampage Int+7 Dex-2}
Will    ++...                   (boots unavailable)
Stlth   +.........              (no amulet)
HPRegen 1.04/turn               o - ring of willpower
MPRegen 0.00/turn               y - +6 ring of strength

@: corroded, freezing walls, flying
A: sickness immunity, fire resistance 2, cold vulnerability 1, float, innate
caster, hp casting, extra vitality 1
a: Renounce Religion, Fiery Armour, Foxfire Swarm, Rising Flame


You were on level 11 of the Dungeon.
You worshipped Ignis.
Ignis was extremely pleased with you.
You visited 1 branch of the dungeon, and saw 11 of its levels.

You collected 476 gold pieces.

Inventory:

Hand Weapons
 g - a +2 dagger of holy wrath
 q - a +1 dagger of electrocution (weapon)
 s - a +4 dagger of flaming
Missiles
 d - 4 throwing nets
 h - 50 poisoned darts
 A - 3 curare-tipped darts {=f}
Armour
 b - +0 steam dragon scales
 c - a +1 pair of gloves
 j - a +0 kite shield (worn)
 C - a +0 troll leather armour (worn)
 D - the +3 pair of gloves of Duty (worn) {Rampage Int+7 Dex-2}
   (You found it on level 10 of the Dungeon)

   Int:       It affects your intelligence (+7).
   Dex:       It affects your dexterity (-2).
   Rampage:   It bestows one free step when moving towards enemies.
 G - a +0 buckler
Jewellery
 o - a ring of willpower (left hand)
 y - a +6 ring of strength (right hand)
Wands
 p - a wand of flame (43)
 r - a wand of mindburst (17)
 v - a wand of acid (5)
 F - a wand of paralysis (5)
Scrolls
 a - 3 scrolls of identify
 l - a scroll of magic mapping
 m - a scroll of blinking
 n - 4 scrolls of teleportation
 w - a scroll of fear
 z - a scroll of fog
 E - a scroll of holy word
Potions
 e - 3 potions of mutation
 f - 2 potions of attraction
 i - 2 potions of ambrosia
 k - a potion of haste {unknown}
 t - a potion of cancellation
 u - 3 potions of curing
 x - 3 potions of lignification
 B - a potion of brilliance {unknown}


   Skills:
 + Level 10.6 Fighting
 - Level 2.6 Short Blades
 + Level 4.1 Shields
 * Level 11.4 Spellcasting


You had 17 spell levels left.
You knew the following spells:

 Your Spells              Type           Power      Damage    Failure   Level
a - Static Discharge      Conj/Air       65%        N/A       1%          2
b - Frozen Ramparts       Ice            100%       1d12      1%          3
c - Swiftness             Air            65%        N/A       1%          3
d - Cause Fear            Hex            32%        N/A       1%          4
o - Animate Skeleton      Necr           100%       N/A       1%          1
p - Scorch                Fire           100%       2d10      1%          2
Your spell library was empty.

Dungeon Overview and Level Annotations

Branches:
Dungeon (11/15)            Temple (0/1) D:5
   Lair: D:8-11         Orc: D:9-12

Altars:
Ashenzari
Dithmenos
Gozag
Hepliaklqana
Nemelex Xobeh
Qazlal
Sif Muna
Wu Jian

Shops:
D:2 [   D:5 !

Annotations:
D:3 1 runed translucent door, ardl's ghost, amateur DjFi


Innate Abilities, Weirdness & Mutations

You are immune to sickness and miasma.
You are immune to poison.
Your flesh is very heat resistant. (rF++)
You are vulnerable to cold. (rC-)
You float through the air rather than walking.
You learn spells naturally, not from books.
Your magical power is your life essence.
You have superior vitality. (+4 HP)


Message History

Press: ? - help, Dir - look around, f - activate The walls around you are covered in ice.
The acid dragon spits acid at you. The splash of acid hits you!
The wall freezes the orc warrior!
The orc warrior hits you with a +0 mace.
You hear a shout! x2
Unknown command.
Casting: Scorch (safe; 1% risk of failure)
Press: ? - help, Q - select action, (/) - cycle Dir - look around, f - activate Flames lash the orc.
You kill the orc!
The wall freezes the orc warrior.
You block the orc warrior's attack.
Unknown command.
Casting: Scorch (safe; 1% risk of failure)
Press: ? - help, Q - select action, (/) - cycle Dir - look around, f - activate Flames lash the orc warrior.
The orc warrior is moderately wounded.
The orc warrior's fire resistance burns away.
The wall freezes the orc warrior.
You block the orc warrior's attack.
Unknown command.
Casting: Scorch (safe; 1% risk of failure)
Press: ? - help, Q - select action, (/) - cycle Dir - look around, f - activate Flames lash the orc.
You kill the orc!
The acid dragon spits acid at you. The splash of acid hits you!!
* * * LOW HITPOINT WARNING * * *
The acid corrodes you!
The wall freezes the orc warrior.
You block the orc warrior's attack.
You hear a shout!
Casting: Scorch (safe; 1% risk of failure)
Press: ? - help, Q - select action, (/) - cycle Dir - look around, f - activate Flames lash the acid dragon.
The acid dragon is heavily wounded.
The acid dragon's fire resistance burns away.
* * * LOW HITPOINT WARNING * * *
You hear a shout!
The acid dragon spits acid at you. The splash of acid hits you!!
You die...

#.>....# #..<...#
#......# #########
#......####.......!
#..................
#........o.........
#.......)..).....#
#........##o..###.
#........#@###.#
#.......#...# .#
#.......#...#
#.......#.D.#
#.....(..#.##
#........##. .. .
... .


You could see an orc warrior (combustible) and an acid dragon (catching breath,
combustible).

Vanquished Creatures
  2 two-headed ogres
  3 centaur zombies (D:10)
  Maurice (D:8)
  An unseen horror (D:6)
  A kobold demonologist (D:10)
  A troll (D:9)
  Grinder (D:6)
  2 wyverns
  14 yaks
  3 steam dragons (D:7)
  2 vampire mosquitoes (D:7)
  3 water moccasins
  7 orc warriors
  3 sky beasts
  4 black bears
  A necrophage (D:7)
  3 centaurs
  3 ogres (D:4)
  A phantom (D:4)
  2 kobold brigands
  2 bullfrogs (D:9)
  A gnoll sergeant (D:7)
  A scorpion (D:5)
  A water moccasin skeleton (D:4)
  6 killer bees (D:8)
  4 wights (D:9)
  A bullfrog zombie (D:7)
  5 hounds
  A centaur skeleton (D:4)
  A jelly (D:5)
  3 orc priests
  Ijyb (D:2)
  Natasha (thrice) (D:3)
  16 orc wizards
  A scorpion zombie (D:5)
  A howler monkey zombie (D:9)
  Robin (D:3)
  7 adders
  9 gnolls
  2 ufetubi (D:5)
  4 worms
  A dart slug (D:4)
  37 orcs
  5 ball pythons
  9 endoplasms
  4 giant cockroaches
  15 goblins
  8 hobgoblins
  3 jackals (D:1)
  20 kobolds
  4 quokkas
  5 bats
  2 frilled lizards
  7 rats
249 creatures vanquished.

Notes
Turn   | Place    | Note
-------+----------+-------------------------------------------
     0 | D:1      | lunkers the Djinni Cinder Acolyte began the quest for the
                  | Orb.
     0 | D:1      | Reached XP level 1. HP: 20/20 MP: 0/0
   477 | D:1      | Reached XP level 2. HP: 21/25 MP: 0/0
   664 | D:1      | Found a faded altar of an unknown god.
  1263 | D:1      | Reached XP level 3. HP: 21/30 MP: 0/0
  1263 | D:1      | Learned a level 1 spell: Animate Skeleton
  1272 | D:1      | Reached skill level 3 in Spellcasting
  2018 | D:2      | Found Qajof's Antique Armour Shoppe.
  2212 | D:2      | Found an ornate altar of the Wu Jian Council.
  2342 | D:2      | Reached XP level 4. HP: 15/36 MP: 0/0
  3389 | D:2      | Reached XP level 5. HP: 13/41 MP: 0/0
  3389 | D:2      | Learned a level 2 spell: Static Discharge
  4070 | D:3      | Noticed Ijyb
  4120 | D:2      | Killed Ijyb
  4519 | D:3      | Noticed Robin
  4525 | D:3      | Reached skill level 4 in Spellcasting
  4529 | D:3      | Killed Robin
  4592 | D:3      | Noticed Natasha
  4600 | D:3      | Killed Natasha
  4601 | D:3      | Reached XP level 6. HP: 9/47 MP: 0/0
  5055 | D:3      | Noticed Natasha
  5061 | D:3      | Killed Natasha
  5247 | D:3      | Found a runed translucent door.
  5253 | D:3      | Noticed ardl's ghost (amateur DjFi)
  5253 | D:3      | Noticed a sky beast
  5335 | D:3      | Noticed Natasha
  5337 | D:3      | Killed Natasha
  5782 | D:4      | Noticed an ogre
  5789 | D:4      | Killed an ogre
  5913 | D:4      | Noticed an ogre
  5917 | D:4      | Killed an ogre
  5918 | D:4      | Reached skill level 5 in Spellcasting
  5918 | D:4      | Reached XP level 7. HP: 40/53 MP: 0/0
  5918 | D:4      | Learned a level 3 spell: Frozen Ramparts
  6016 | D:4      | Noticed a water moccasin
  6026 | D:4      | Reached skill level 5 in Fighting
  6028 | D:4      | Killed a water moccasin
  6519 | D:4      | Reached XP level 8. HP: 54/60 MP: 0/0
  6705 | D:4      | Reached skill level 6 in Spellcasting
  7545 | D:4      | Found a stormy altar of Qazlal.
  7888 | D:5      | Entered Level 5 of the Dungeon
  8079 | D:5      | Reached skill level 7 in Spellcasting
  8079 | D:5      | Reached XP level 9. HP: 48/67 MP: 0/0
  8079 | D:5      | Learned a level 3 spell: Swiftness
  8294 | D:5      | Found a staircase to the Ecumenical Temple.
  8764 | D:5      | Found Lis Upte's Distillery.
  9764 | D:6      | Noticed Grinder
  9775 | D:6      | Killed Grinder
 10063 | D:6      | Reached skill level 8 in Spellcasting
 10067 | D:6      | Killed an unseen horror
 10335 | D:6      | Noticed a two-headed ogre
 10341 | D:6      | Killed a two-headed ogre
 10342 | D:6      | Reached XP level 10. HP: 65/76 MP: 0/0
 10431 | D:6      | Found a broken altar of Ashenzari.
 10717 | D:7      | Reached skill level 9 in Spellcasting
 12359 | D:7      | Found a sparkling altar of Nemelex Xobeh.
 12843 | D:8      | Noticed Maurice
 12859 | D:8      | Killed Maurice
 12860 | D:8      | Reached skill level 10 in Spellcasting
 12955 | D:8      | Reached XP level 11. HP: 45/84 MP: 0/0
 12955 | D:8      | Learned a level 4 spell: Cause Fear
 13958 | D:9      | Reached skill level 1 in Shields
 13962 | D:9      | Reached skill level 10 in Fighting
 14386 | D:9      | Found a hazy altar of Hepliaklqana.
 14387 | D:9      | Found a shadowy altar of Dithmenos.
 14408 | D:9      | Reached skill level 11 in Spellcasting
 14718 | D:9      | Noticed a two-headed ogre
 14724 | D:9      | Killed a two-headed ogre
 14832 | D:10     | Entered Level 10 of the Dungeon
 15046 | D:10     | Found an opulent altar of Gozag.
 15049 | D:10     | Identified the +3 pair of gloves of Duty {Rampage Int+7
                  | Dex-2}
 15601 | D:11     | Killed from afar by an acid dragon

Illustrated notes

Levels and vault maps discovered:
D:1:      evilmike_arrival_rings, layout_basic,
          chequers_ecumenical_altar_simple_redux
D:2:      layout_loops_ring, serial_shops, shop_fountains, basic_altar,
          kennysheep_nondescript
D:3:      layout_basic, ebering_ghost_inner_flame, minmay_misc_feat_tower,
          uniq_natasha, uniq_robin, uniq_ijyb
D:4:      layout_cave_pods, lemuel_doored_altar
D:5:      layout_basic, minmay_temple_entry_poolview, serial_shops,
          nicolae_shop_trees, chequers_garden
D:6:      layout_basic, nicolae_ashenzari_skybound, uniq_grinder
D:7:      layout_basic, mainiacjoe_overflow_brackets,
          nicolae_overflow_hidden_temple, kennysheep_crisscross
D:8:      layout_basic, uniq_maurice
D:9:      layout_roguey, riverfiend_overflow_shadow_ancestor
D:10:     layout_irregular_city, nicolae_gozag_seed_capital
D:11:     nicolae_cairo_tiling, layout_irregular_city, david_lair_shrubbed,
          hiddenorc2_lemuel, serial_column_ruins, column_ruins_grid_3,
          column_ruins_grid_2, column_ruins_grid_1, column_ruins_open_tiny,
          column_ruins_grid_1, fedhas_altar_fruit_tree

Skill      XL: |  1  2  3  4  5  6  7  8  9 10 11 |
---------------+----------------------------------+-----
Spellcasting   | 3 4 5 7 8 10 11 | 11.4
Fighting       | 4 5 6 8 9 10 | 10.6
Shields        | 4 |  4.1
Short Blades   | |  2.6

Action                   |  1- 3 |  4- 6 |  7- 9 | 10-12 || total
-------------------------+-------+-------+-------+-------++-------
Melee: Short sword       |    47 |       |       |       ||    47
       Dagger            |     1 |     7 |       |     1 ||     9
 Cast: Scorch            |    34 |    79 |   116 |   181 ||   410
       Static Discharge  |       |     8 |       |    10 ||    18
       Frozen Ramparts   |       |       |    14 |    29 ||    43
  Use: Scroll            |       |     1 |    13 |     5 ||    19
 Stab: Sleeping          |     1 |       |       |       ||     1
Armor: Robe              |    16 |       |       |       ||    16
       Ring mail         |       |    21 |    30 |     7 ||    58
       Troll leather arm |       |       |       |    22 ||    22
       Steam dragon scal |       |       |       |     3 ||     3
Dodge: Dodged            |    31 |    27 |    26 |    34 ||   118
Block: Kite shield       |       |       |       |    24 ||    24

Table legend: (Time is in decaauts)
 A = Elapsed time spent in this place.
 B = Non-inter-level travel time spent in this place.
 C = Inter-level travel time spent in this place.
 D = Time resting spent in this place.
 E = Time spent auto-exploring this place.
 F = Levels seen in this place.
 G = Mean time per level.
                   A        B        C        D        E       F      G
               +--------+--------+--------+--------+--------+-----+--------+
         Total |  15599 |  14993 |    606 |    751 |  12572 |  11 | 1418.1 |
       Dungeon |  15599 |  14993 |    606 |    751 |  12572 |  11 | 1418.1 |
               +--------+--------+--------+--------+--------+-----+--------+

Top non-repeatable levels by time:
     D:2: 2220 daAuts
     D:1: 2090 daAuts
     D:4: 1839 daAuts
     D:7: 1762 daAuts
     D:3: 1738 daAuts
     D:5: 1641 daAuts
     D:8: 1319 daAuts
     D:6: 1135 daAuts
     D:9: 1082 daAuts
    D:10: 753 daAuts
    D:11: 14 daAuts
